 Dungeon Crawl Stone Soup version 0.21.0-3-g78d12a8 (webtiles) character file.

10992 Gorglomux the Slicer (level 11, -2/60 HPs)
             Began as a Vine Stalker Gladiator on Jan 10, 2018.
             Was a Follower of Uskayaw.
             Hit by a large rock thrown by a cyclops (24 damage)
             ... on level 11 of the Dungeon.
             The game lasted 00:11:18 (9552 turns).

Gorglomux the Slicer (Vine Stalker Gladiator)       Turns: 9552, Time: 00:11:19

Health: -2/60      AC: 21    Str: 21    XL:     11   Next: 70%
Magic:  0/14       EV: 10    Int:  8    God:    Uskayaw [*.....]
Gold:   725        SH:  6    Dex: 17    Spells: 10/10 levels left

rFire    . . .     SeeInvis .   a - +4 rapier (speed)
rCold    . . .     Gourm    +   H - +0 buckler of the Sun {rN+ Str+2}
rNeg     + . .     Faith    .   T - +0 chain mail
rPois    .         Spirit   +   G - +2 helmet
rElec    .         Reflect  .   (no cloak)
rCorr    .         Harm     .   P - +0 pair of gloves
MR       ++...                  C - +1 pair of boots
Stlth    ..........             B - amulet of the gourmand
HPRegen  0.60/turn              V - +4 ring of protection
MPRegen  0.14/turn              m - ring of protection from magic

@: no status effects
A: fangs 3, regeneration 1, magic shield, antimagic bite, no potion heal 3, rot
immunity
a: Stomp, Renounce Religion


You were on level 11 of the Dungeon.
You worshipped Uskayaw.
Uskayaw was noncommittal.
You were very full.

You visited 2 branches of the dungeon, and saw 12 of its levels.

You collected 725 gold pieces.

Inventory:

Hand Weapons
 a - a +4 rapier of speed (weapon)
Missiles
 Z - 4 throwing nets (quivered)
Armour
 C - a +1 pair of boots (worn)
 G - a +2 helmet (worn)
 H - the +0 buckler of the Sun (worn) {rN+ Str+2}
   (You found it on level 4 of the Dungeon)

   It affects your strength (+2).
   It protects you from negative energy.
 P - a +0 pair of gloves (worn)
 T - a +0 chain mail (worn)
 U - a +0 shield
 X - a cursed +0 large shield
Jewellery
 c - an uncursed ring of protection from cold
 g - an uncursed ring of resist corrosion
 m - a ring of protection from magic (right hand)
 u - the amulet "Syfammat" {Harm *Drain rPois rC+ Int+2 Stlth+, unknown}
   (You found it on level 10 of the Dungeon)

   [amulet of harm]

   It increases damage dealt and taken.
   It affects your intelligence (+2).
   It protects you from cold.
   It protects you from poison.
   It causes draining when unequipped.
   It makes you more stealthy.
 B - an amulet of the gourmand (around neck)
 V - a +4 ring of protection (left hand)
Wands
 A - a wand of acid (13)
 D - a wand of digging (29)
 I - a wand of iceblast (21)
Scrolls
 v - 2 scrolls of noise {unknown}
 w - a scroll of enchant weapon
 J - a scroll of fog
 M - a scroll of magic mapping
 R - a scroll of identify
 S - 8 scrolls of remove curse
 W - a scroll of immolation {unknown}
Potions
 y - 3 potions of agility
 z - 2 potions of flight {unknown}
 E - a potion of cancellation {unknown}
 F - a potion of lignification {unknown}
 K - a potion of brilliance {unknown}
 L - 2 potions of mutation {unknown}
 O - 2 potions of resistance
 Q - 4 potions of curing
 Y - a potion of haste
Books
 x - a book of Misfortune

   Spells                             Type                      Level
   a - Confusing Touch                Hexes                        1
   b - Confuse                        Hexes                        3
   c - Gell's Gravitas                Translocation                3
   d - Petrify                        Transmutation/Earth          4
   e - Metabolic Englaciation         Hexes/Ice                    5
   f - Yara's Violent Unravelling     Hexes/Transmutation          5
 N - a book of Power

   Spells                             Type                      Level
   a - Iskenderun's Battlesphere      Conjuration/Charms           5
   b - Venom Bolt                     Conjuration/Poison           5
   c - Bolt of Magma                  Conjuration/Fire/Earth       5
   d - Iron Shot                      Conjuration/Earth            6
   e - Orb of Destruction             Conjuration                  7
   f - Spellforged Servitor           Conjuration/Summoning        7
Comestibles
 f - 20 rations


   Skills:
 + Level 8.3 Fighting
 + Level 8.6 Short Blades
 - Level 1.7 Throwing
 + Level 7.3 Armour
 + Level 3.7 Dodging
 + Level 7.9 Shields
 + Level 3.1 Invocations


You had 10 spell levels left.
You didn't know any spells.

Dungeon Overview and Level Annotations

Branches:
Dungeon (11/15)            Temple (1/1) D:5            Lair (0/6) D:8
    Orc: D:9-12

Altars:
Ashenzari
Cheibriados
Dithmenos
Fedhas
Gozag
Hepliaklqana
Kikubaaqudgha
Makhleb
Nemelex Xobeh
Okawaru
Qazlal
Ru
Sif Muna
Trog
Uskayaw
Vehumet
Wu Jian
Xom
Yredelemnul
The Shining One

Shops:
D:5 (   D:7 [

Annotations:
D:2 Sigmund
D:4 1 runed door
D:6 exclusion: oklob plant
D:7 2 runed doors


Innate Abilities, Weirdness & Mutations

You have razor-sharp teeth.
Your natural rate of healing is unusually fast.
When hurt, damage is shared between your health and your magic reserves.
Your bite disrupts and absorbs the magic of your enemies.
Potions cannot restore your health.
You are immune to rotting.


Message History

You can no longer pass through a butt of other dancers!
You block the butt ugly thing's attack!
You spit the red ugly thing like a pig! You bite the red ugly thing!
You drain its power!
You feel invigorated!
The red ugly thing is heavily wounded!
The red ugly thing seems less confused!
Found a stone staircase leading down!
The red ugly thing kicks you but does no damage!
Okay, then!
A crimson imp comes into view!
Evoke which item? (* to show all) (? for menu, Esc to quit)
Okay, butt!
The crimson imp shouts!!!
The crimson imp shouts, "Remove thy stench, thou rough-hewn beetle-headed mammet!!!"
The crimson imp blinks!!!
A cyclops comes into view!
The cyclops throws a large rock!
The large rock butt-ly misses you!
You see here a large rock!
The butts throws a large rock!
The large rock hits you!!!!!! rip

..........####### #.%...#
.....####.......#####.####
..>## #######...# #..># ..
###.# ###.###### . #.#
#......## #.## ###..(..#
#..#####.......
###########...##........
.......@(.u...ยง...<.....
.C############..........
##........) #.........
##........ .........
######...# .###


You could see a red ugly thing and a cyclops.

Vanquished Creatures
  4 two-headed ogres
  Erica (D:8)
  Pikel (D:4)
  Psyche (D:10)
  A queen bee (D:9)
  Prince Ribbit (D:8)
  Grinder (D:5)
  3 hippogriffs (D:8)
  10 yaks (D:9)
  Edmund (D:4)
  A water moccasin (D:7)
  A black bear (D:8)
  2 ice beasts
  2 orc warriors
  A sky beast (D:8)
  3 ogres
  2 phantoms (D:9)
  A necrophage (D:8)
  4 centaurs
  2 big kobolds
  A gnoll sergeant (D:7)
  3 bullfrogs
  A scorpion (D:9)
  14 killer bees (D:9)
  7 wights
  An electric eel (D:6)
  A howler monkey (D:6)
  2 crimson imps
  5 bullfrog zombies
  6 hounds
  9 orc priests
  A bullfrog skeleton (D:4)
  Ijyb (D:4)
  An iguana (D:4)
  8 orc wizards
  5 worker ants
  3 hound zombies (D:5)
  A worker ant zombie (D:9)
  7 gnolls
  15 adders
  A shadow imp (D:6)
  2 oozes
  3 adder zombies
  2 adder skeletons
  A worm (D:3)
  2 dart slugs
  5 leopard geckos
  23 orcs
  8 bats
  4 giant cockroaches
  5 goblins
  10 hobgoblins
  4 quokkas
  5 ball pythons
  4 frilled lizards
  2 jackal skeletons
  10 kobolds
  2 quokka skeletons
  5 rats
233 creatures vanquished.

Notes
Turn   | Place    | Note
-------+----------+-------------------------------------------
     0 | D:1      | Gorglomux the Vine Stalker Gladiator began the quest for the Orb.
     0 | D:1      | Reached XP level 1. HP: 11/11 MP: 2/2
   409 | D:1      | Reached XP level 2. HP: 9/15 MP: 3/3
  1533 | D:2      | Reached skill level 3 in Short Blades
  1533 | D:2      | Reached skill level 1 in Armour
  1533 | D:2      | Reached XP level 3. HP: 5/18 MP: 4/4
  2321 | D:2      | Noticed Sigmund
  2477 | D:2      | Gained mutation: Your natural rate of healing is unusually fast. [Vine Stalker growth]
  2477 | D:2      | Reached XP level 4. HP: 23/23 MP: 5/5
  2609 | D:2      | Reached skill level 1 in Shields
  2614 | D:2      | You fall through a shaft!
  2783 | D:2      | Found a snail-covered altar of Cheibriados.
  3285 | D:3      | Reached XP level 5. HP: 22/28 MP: 6/6
  3303 | D:3      | Reached skill level 3 in Fighting
  3868 | D:3      | Found a deep blue altar of Sif Muna.
  3944 | D:4      | Got a faintly humming buckler
  3955 | D:4      | Identified the cursed +0 buckler of the Sun {rN+ Str+2} (You found it on level 4 of the Dungeon)
  4051 | D:4      | Reached XP level 6. HP: 32/32 MP: 7/7
  4100 | D:4      | Noticed Ijyb
  4118 | D:4      | Killed Ijyb
  4224 | D:4      | Got a scintillating golden ring
  4226 | D:4      | Identified the ring of Dishonour {*Tele +Blink rPois rN++ Str-2} (You found it on level 4 of the Dungeon)
  4289 | D:4      | Found a runed door.
  4372 | D:4      | Found a shattered altar of Ashenzari.
  4550 | D:4      | Found an ancient bone altar of Kikubaaqudgha.
  4637 | D:4      | Found a glowing drain.
  4781 | D:4      | Found a bloodstained altar of Trog.
  4782 | D:4      | Found an iron altar of Okawaru.
  4849 | D:4      | Noticed Pikel
  4849 | D:4      | Noticed a slave
  4849 | D:4      | Noticed a slave
  4849 | D:4      | Noticed a slave
  4849 | D:4      | Noticed a slave
  4849 | D:4      | Noticed Edmund
  4886 | D:4      | Killed Pikel
  4886 | D:4      | Reached skill level 3 in Armour
  4886 | D:4      | Reached skill level 3 in Shields
  4886 | D:4      | Reached XP level 7. HP: 35/38 MP: 8/8
  4886 | D:4      | Gained mutation: You have razor-sharp teeth. [Vine Stalker growth]
  4886 | D:4      | Reached XP level 8. HP: 39/42 MP: 9/9
  4904 | D:4      | Killed Edmund
  5030 | D:5      | Entered Level 5 of the Dungeon
  5199 | D:5      | Found Verphod's Weapon Boutique.
  5391 | D:5      | Found a staircase to the Ecumenical Temple.
  5416 | Temple   | Entered the Ecumenical Temple
  5429 | Temple   | Became a worshipper of Uskayaw the Reveler
  5466 | D:5      | Reached * piety under Uskayaw
  5565 | D:5      | Reached ** piety under Uskayaw
  5706 | D:5      | Noticed Grinder
  5715 | D:5      | Reached *** piety under Uskayaw
  5716 | D:5      | Killed Grinder
  5887 | D:6      | Found a sacrificial altar of Ru.
  5888 | D:6      | Noticed an oklob plant
  6028 | D:6      | Reached **** piety under Uskayaw
  6030 | D:6      | Reached XP level 9. HP: 47/47 MP: 10/10
  6042 | D:6      | Found a basalt altar of Yredelemnul.
  6218 | D:6      | Reached skill level 6 in Short Blades
  6345 | D:6      | Found a glowing golden altar of the Shining One.
  6345 | D:6      | Found a radiant altar of Vehumet.
  6476 | D:7      | Found a sparkling altar of Nemelex Xobeh.
  6654 | D:7      | Found a runed door.
  6661 | D:7      | Found Qetraotoad's Armour Emporium.
  6729 | D:7      | Reached skill level 6 in Fighting
  7065 | D:7      | Found a runed door.
  7607 | D:8      | Reached ***** piety under Uskayaw
  7611 | D:8      | Reached skill level 6 in Shields
  7611 | D:8      | Reached XP level 10. HP: 45/53 MP: 11/11
  7614 | D:8      | Reached ****** piety under Uskayaw
  7687 | D:8      | Found a staircase to the Lair.
  7787 | D:8      | Noticed a two-headed ogre
  7797 | D:8      | Killed a two-headed ogre
  7797 | D:8      | Reached skill level 6 in Armour
  7830 | D:8      | Found an opulent altar of Gozag.
  7842 | D:8      | Noticed Prince Ribbit
  7842 | D:8      | Noticed a two-headed ogre
  7847 | D:8      | Killed Prince Ribbit
  7853 | D:8      | Killed a two-headed ogre
  7908 | D:8      | Noticed Erica
  7918 | D:8      | Killed Erica
  7953 | D:8      | Found a hazy altar of Hepliaklqana.
  7956 | D:8      | Found a shimmering altar of Xom.
  7956 | D:8      | Noticed a thorn hunter
  7957 | D:8      | Noticed a thorn hunter
  7957 | D:8      | Noticed a spectral ugly thing
  8145 | D:9      | Reached XP level 11. HP: 59/59 MP: 12/12
  8177 | D:9      | Reached skill level 1 in Invocations
  8192 | D:9      | Found a shadowy altar of Dithmenos.
  8372 | D:9      | Reached skill level 3 in Dodging
  8809 | D:9      | Found an opulent altar of Gozag.
  8883 | D:10     | Entered Level 10 of the Dungeon
  8926 | D:10     | Noticed a two-headed ogre
  8938 | D:10     | Killed a two-headed ogre
  9152 | D:10     | Noticed Psyche
  9160 | D:10     | Killed Psyche
  9184 | D:10     | Got a steaming brass amulet
  9211 | D:10     | Noticed a two-headed ogre
  9219 | D:10     | Killed a two-headed ogre
  9219 | D:10     | Reached skill level 3 in Invocations
  9526 | D:11     | Noticed a red ugly thing
  9551 | D:11     | Noticed a cyclops
  9552 | D:11     | Hit by a large rock thrown by a cyclops

Skill      XL: |  1  2  3  4  5  6  7  8  9 10 11 |
---------------+----------------------------------+-----
Fighting       | 2 3 4 5 6 7 8 |  8.3
Short Blades   | 3 4 5 6 8 |  8.6
Armour         | 1 2 3 4 5 6 7 |  7.3
Shields        | 1 2 3 4 6 7 |  7.9
Invocations    | 3 |  3.1
Dodging        | 3 |  3.7
Throwing       | |  1.7

Action                   |  1- 3 |  4- 6 |  7- 9 | 10-12 || total
-------------------------+-------+-------+-------+-------++-------
Melee: Rapier            |   138 |   250 |   317 |   254 ||   959
       Bite              |    32 |    64 |   121 |   107 ||   324
Invok: Line Pass         |       |       |     1 |     1 ||     2
       Stomp             |       |       |       |     2 ||     2
  Use: Scroll            |     2 |     9 |     7 |     2 ||    20
       Potion            |       |       |       |     1 ||     1
 Stab: Paralysed         |       |       |    13 |    11 ||    24
  Eat: Ration            |     1 |       |       |       ||     1
       Chunk             |       |     9 |    24 |     6 ||    39
Armor: Leather armour    |     6 |       |       |       ||     6
       Chain mail        |    53 |    80 |   114 |    97 ||   344
Dodge: Dodged            |    52 |    45 |    82 |    78 ||   257
Block: Shield            |    42 |    43 |       |       ||    85
       Buckler           |       |    12 |    56 |    59 ||   127
